 Dungeon Crawl Stone Soup version 0.23.2-1-ga50397a6bc (webtiles) character file.

Game seed: 17894812405258441968

3667 Horrz the Protected (level 9, -1/82 HPs)
             Began as a Minotaur Berserker on May 22, 2019.
             Was a High Priest of Trog.
             Slain by a troll (2 damage)
             ... on level 9 of the Dungeon on May 23, 2019.
             The game lasted 00:32:11 (6663 turns).

Horrz the Protected (Minotaur Berserker)            Turns: 6663, Time: 00:32:12

Health: -1/82      AC: 15    Str: 25    XL:     9   Next: 89%
Magic:  8/8        EV:  9    Int:  4    God:    Trog [*****.]
Gold:   408        SH:  0    Dex: 10    Spells: 8/8 levels left

rFire    . . .     SeeInvis .   H - +0 battleaxe
rCold    . . .     Gourm    .   (shield currently unavailable)
rNeg     . . .     Faith    .   k - +0 chain mail
rPois    .         Spirit   .   (helmet restricted)
rElec    .         Reflect  .   F - scarf {cloud immunity}
rCorr    .         Harm     .   n - +1 pair of gloves
MR       .....                  u - +0 pair of boots
Stlth    ..........             (no amulet)
HPRegen  0.23/turn              A - ring of stealth
MPRegen  0.11/turn              (no ring)

@: berserk cooldown
A: retaliatory headbutt, horns 2
a: Berserk, Trog's Hand, Brothers in Arms, Renounce Religion


You were on level 9 of the Dungeon.
You worshipped Trog.
Trog was extremely pleased with you.
You were hungry.

You visited 1 branch of the dungeon, and saw 9 of its levels.

You collected 408 gold pieces.

Inventory:

Hand Weapons
 a - a +0 hand axe
 h - a +0 hunting sling
 H - a +0 battleaxe (weapon)
Missiles
 i - 259 stones (quivered)
 C - 39 sling bullets
Armour
 k - a +0 chain mail (worn)
 n - a +1 pair of gloves (worn)
 o - a +0 plate armour
 u - a +0 pair of boots (worn)
 B - the +1 robe "Xachuemn" {*Slow +Fly rPois Dex+2}
   (You found it on level 4 of the Dungeon)

   It affects your dexterity (+2).
   It protects you from poison.
   It lets you fly.
   It may slow you when you take damage.
 F - a scarf of cloud immunity (worn)
Jewellery
 A - a ring of stealth (left hand)
 I - an uncursed ring of fire {unknown}
Wands
 t - a wand of random effects (35)
 G - a wand of iceblast (10)
 K - a wand of enslavement (10)
Scrolls
 d - 2 scrolls of identify
 e - 4 scrolls of remove curse
 f - 5 scrolls of teleportation
 g - 2 scrolls of immolation {unknown}
 j - a scroll of fear {unknown}
 p - a scroll of noise {unknown}
 q - a scroll of amnesia {unknown}
 x - a scroll of enchant weapon {unknown}
 y - a scroll of fog {unknown}
 D - 2 scrolls of enchant armour {unknown}
Potions
 b - a potion of might {unknown}
 l - 4 potions of heal wounds {unknown}
 m - 4 potions of brilliance {unknown}
 r - a potion of agility {unknown}
 s - a potion of magic {unknown}
 v - a potion of mutation {unknown}
 w - a potion of flight {unknown}
 z - a potion of curing
 E - 2 potions of lignification {unknown}
Comestibles
 c - 16 rations


   Skills:
 + Level 8.9 Fighting
 + Level 9.0 Axes
 + Level 7.1 Slings
 * Level 9.9 Armour
 - Level 2.1 Dodging
 - Level 0.1 Stealth


You had 8 spell levels left.
You didn't know any spells.
Your spell library contained the following spells:

 Spells                   Type           Power        Failure   Level  Hunger
 Magic Dart               Conj           #...         96%         1    ##.....
 Searing Ray              Conj           #.....       99%         2    ###....
 Dazzling Spray           Conj/Hex       #.....       100%        3    ####...
 Force Lance              Conj/Tloc      #.......     100%        4    #####..
 Fulminant Prism          Conj/Hex       #.........   100%        4    #####..
 Iskenderun's Mystic Bla  Conj           #.......     100%        4    #####..


Dungeon Overview and Level Annotations

Branches:
Dungeon (9/15)             Temple (0/1) D:5
   Lair: D:8-11         Orc: D:9-12

Altars:
Ashenzari
Fedhas
Sif Muna
Uskayaw
Vehumet
Wu Jian
Xom

Annotations:
D:6 exclusion: oklob plant


Innate Abilities, Weirdness & Mutations

You reflexively headbutt those who attack you in melee.
You have a pair of horns on your head.


Message History

The troll is lightly wounded.
The troll bites you but does no damage. The troll claws you.
The troll claws you! The troll bites you. The troll claws you.
The troll barely misses you.
You slash the troll! You headbutt the troll.
The troll is heavily wounded.
The troll bites you!
* * * LOW HITPOINT WARNING * * *
The troll barely misses you. The troll claws you.
* * * LOW HITPOINT WARNING * * *
You closely miss the troll.
The troll is heavily wounded.
You feel yourself speed up. The troll bites you.
* * * LOW HITPOINT WARNING * * *
The troll claws you!
* * * LOW HITPOINT WARNING * * *
The troll claws you but does no damage. The troll barely misses you.
The troll claws you.
You die...

##......# .#
#.......# ##
.#####.(#:.<)#
#.
....##..###..#
#.
.##.#........#
#.
.##.#(###.#..#
######.##......#
#.....
.........###.#.#
#...###
#..T@.....#..
.###
#.......).### <.
#.<##.#..##
#..#..#..# ##
#######


You could see a troll.

Vanquished Creatures
  Harold (D:9)
  A hungry ghost (D:7)
  Menkaure (D:7)
  A water moccasin (D:3)
  Duvessa (D:4)
  An orc warrior (D:8)
  2 sky beasts
  7 centaurs
  A bullfrog (D:8)
  A water moccasin zombie (D:6)
  Dowan (D:4)
  2 scorpions
  9 wights
  A howler monkey (D:6)
  5 crimson imps
  2 centaur zombies (D:8)
  A quasit (D:7)
  Crazy Yiuf (D:4)
  A bullfrog zombie (D:7)
  An orc priest (D:6)
  A hound (D:5)
  A centaur skeleton (D:6)
  3 orc wizards
  Terence (D:2)
  2 iguanas
  4 worker ants
  A killer bee zombie (D:6)
  A hound zombie (D:7)
  A hound skeleton (D:5)
  A worker ant zombie (D:5)
  Robin (D:2)
  A howler monkey skeleton (D:5)
  4 gnolls (D:6)
  6 adders
  2 shadow imps
  2 oozes
  2 worms
  A dart slug (D:2)
  5 leopard geckos
  19 orcs
  A ball python (D:4)
  5 giant cockroaches
  17 goblins
  8 hobgoblins
  15 jackals
  4 quokkas
  6 bats
  7 frilled lizards
  7 kobolds
  13 rats
  A fungus (D:4)
184 creatures vanquished.

Vanquished Creatures (others)
  A fungus (D:6)
1 creature vanquished.

Grand Total: 185 creatures vanquished

Notes
Turn   | Place    | Note
-------+----------+-------------------------------------------
     0 | D:1      | Horrz the Minotaur Berserker began the quest for the Orb.
     0 | D:1      | Reached XP level 1. HP: 19/19 MP: 0/0
   143 | D:1      | Reached XP level 2. HP: 22/27 MP: 1/1
   878 | D:2      | Reached ** piety under Trog
   878 | D:2      | Reached XP level 3. HP: 30/33 MP: 2/2
   947 | D:2      | Noticed Terence
   958 | D:2      | Killed Terence
   958 | D:2      | Reached skill level 1 in Slings
  1114 | D:2      | Reached XP level 4. HP: 41/41 MP: 3/3
  1318 | D:2      | Noticed Robin
  1330 | D:2      | Killed Robin
  1802 | D:3      | Reached *** piety under Trog
  1961 | D:3      | Found a blossoming altar of Fedhas.
  2033 | D:3      | Found a shimmering altar of Xom.
  2141 | D:3      | Found a hide-covered altar of Uskayaw.
  2141 | D:3      | Noticed a +0 hand axe
  2142 | D:3      | Noticed a +0 hand axe
  2147 | D:3      | Reached XP level 5. HP: 47/47 MP: 4/4
  2164 | D:3      | Noticed a water moccasin
  2181 | D:3      | Killed a water moccasin
  2181 | D:3      | Reached skill level 5 in Fighting
  2181 | D:3      | Reached skill level 5 in Axes
  2560 | D:3      | Reached XP level 6. HP: 54/56 MP: 5/5
  2817 | D:4      | You fall through a shaft for 3 floors!
  2860 | D:6      | Reached XP level 7. HP: 27/62 MP: 6/6
  3001 | D:5      | Entered Level 5 of the Dungeon
  3001 | D:5      | Found a staircase to the Ecumenical Temple.
  3334 | D:4      | Noticed Duvessa
  3354 | D:4      | Killed Duvessa
  3354 | D:4      | Reached skill level 5 in Armour
  3355 | D:4      | Noticed Dowan
  3362 | D:4      | Killed Dowan
  3607 | D:4      | Reached **** piety under Trog
  3661 | D:4      | Got a slimy robe
  3662 | D:4      | Identified the +1 robe "Xachuemn" {*Slow +Fly rPois Dex+2}
                  | (You found it on level 4 of the Dungeon)
  3822 | D:4      | Found a runed translucent door.
  3823 | D:4      | Noticed Crazy Yiuf
  3837 | D:4      | Killed Crazy Yiuf
  4112 | D:5      | Reached XP level 8. HP: 71/71 MP: 7/7
  4306 | D:5      | Reached skill level 5 in Slings
  4434 | D:5      | Found a deep blue altar of Sif Muna.
  4520 | D:5      | Found a shattered altar of Ashenzari.
  4520 | D:5      | Found an ornate altar of the Wu Jian Council.
  5065 | D:6      | Found a blossoming altar of Fedhas.
  5077 | D:6      | Noticed an oklob plant
  5399 | D:7      | Noticed Menkaure
  5410 | D:7      | Killed Menkaure
  5410 | D:7      | Reached XP level 9. HP: 26/80 MP: 8/8
  5683 | D:7      | Reached ***** piety under Trog
  6307 | D:8      | Found a radiant altar of Vehumet.
  6620 | D:9      | Noticed Harold
  6635 | D:9      | Killed Harold
  6656 | D:9      | Noticed a troll
  6663 | D:9      | HP: 1/82 [troll (9)]
  6663 | D:9      | Slain by a troll

Skill      XL: |  1  2  3  4  5  6  7  8  9 |
---------------+----------------------------+-----
Fighting       | 4 5 6 7 8 |  8.9
Axes           | 4 5 6 7 9 |  9.0
Slings         | 1 2 4 5 7 |  7.1
Armour         | 3 4 5 7 9 |  9.9
Dodging        | |  2.1
Stealth        | |  0.1

Action                   |  1- 3 |  4- 6 |  7- 9 || total
-------------------------+-------+-------+-------++-------
Melee: Hand axe          |    26 |   112 |   273 ||   411
       Headbutt          |     7 |    18 |    75 ||   100
       Battleaxe         |       |       |    79 ||    79
 Fire: Hunting sling     |    56 |    66 |    12 ||   134
Throw: Stone             |       |     1 |       ||     1
Invok: Berserk           |       |     1 |     2 ||     3
  Use: Scroll            |     2 |       |     1 ||     3
 Stab: Invisible         |       |       |     1 ||     1
  Eat: Chunk             |     1 |     5 |    14 ||    20
       Ration            |       |       |     1 ||     1
Armor: Animal skin       |     3 |       |       ||     3
       Chain mail        |    13 |    74 |   206 ||   293
Dodge: Dodged            |    32 |    63 |   161 ||   256
